 Dungeon Crawl Stone Soup version 0.24-a0-504-gcfb02b9 (webtiles) character file.

Game seed: 13061338549941803900

2366 MuMoWu the Grappler (level 9, -4/66 HPs)
             Began as a Mummy Monk on July 16, 2019.
             Was a Priest of Wu Jian.
             Slain by an orc warrior
             ... wielding a +0 dire flail
              (17 damage)
             ... on level 9 of the Dungeon.
             The game lasted 00:24:41 (11346 turns).

MuMoWu the Grappler (Mummy Monk)                   Turns: 11346, Time: 00:24:45

Health: -4/66      AC:  7    Str: 18    XL:     9   Next: 21%
Magic:  9/9        EV: 11    Int:  9    God:    Wu Jian [***...]
Gold:   361        SH:  0    Dex: 14    Spells: 8/8 levels left

rFire    x . .     SeeInvis .     - Unarmed
rCold    + . .     Gourm    .   (no shield)
rNeg     + + +     Faith    .   b - +0 scale mail
rPois    ∞         Spirit   .   h - +0 helmet
rElec    .         Reflect  .   (no cloak)
rCorr    .         Harm     .   (no gloves)
MR       +....                  (no boots)
Stlth    ..........             (no amulet)
HPRegen  0.21/turn              q - ring of wizardry
MPRegen  0.11/turn              (no ring)

@: no status effects
A: no food or potions, fire vulnerability, cold resistance 1, negative energy
resistance 3, torment resistance, unbreathing
a: Wall Jump, Serpent's Lash, Renounce Religion


You were on level 9 of the Dungeon.
You worshipped Wu Jian.
Wu Jian was most pleased with you.
You were not hungry.

You visited 1 branch of the dungeon, and saw 9 of its levels.

You collected 361 gold pieces.

Inventory:

Missiles
 j - 14 atropa-tipped darts (quivered)
Armour
 b - a +0 scale mail (worn)
 e - a +0 chain mail
 f - a +0 plate armour
 h - a +0 helmet (worn)
Jewellery
 q - a ring of wizardry (left hand)
 r - a +3 amulet of reflection {unknown}
 s - a cursed ring of attention {unknown}
Scrolls
 a - 3 scrolls of enchant weapon
 c - 5 scrolls of teleportation
 d - 3 scrolls of identify {unknown}
 g - 5 scrolls of remove curse
 i - a scroll of fog
 k - a scroll of amnesia {unknown}
 l - a scroll of vulnerability {unknown}
 m - a scroll of noise {unknown}
 n - a scroll of enchant armour {unknown}
 o - a scroll of blinking
 p - a scroll of silence {unknown}
 t - a scroll of magic mapping {unknown}


   Skills:
 - Level 4.7 Fighting
 - Level 1.3 Armour
 - Level 3.4 Dodging
 - Level 1.5 Stealth
 * Level 9.8 Unarmed Combat


You had 8 spell levels left.
You didn't know any spells.
Your spell library contained the following spells:

 Spells                   Type           Power        Failure   Level  Hunger
 Animate Skeleton         Necr           N/A          45%         1    N/A
 Pain                     Necr           #...         45%         1    N/A
 Vampiric Draining        Necr           #.........   80%         3    N/A
 Animate Dead             Necr           N/A          99%         4    N/A
 Regeneration             Chrm/Necr      Unusable     N/A         3    N/A

Dungeon Overview and Level Annotations

Branches:
Dungeon (9/15)             Temple (0/1) D:6
   Lair: D:8-11         Orc: D:9-12

Altars:
Elyvilon
Fedhas
Makhleb
Nemelex Xobeh
Qazlal
Ru
Trog
Uskayaw
Wu Jian
Yredelemnul
Zin
The Shining One

Annotations:
D:2 exclusion: downstairs
D:3 Eustachio
D:4 2 transporters, wotkd0121004's ghost, amateur OpEE


Innate Abilities, Weirdness & Mutations

You do not eat or drink.
Your flesh is vulnerable to fire.
You are immune to poison.
Your flesh is cold resistant. (rC+)
You are immune to negative energy. (rN+++)
You are immune to unholy pain and torment.
You can survive without breathing.


Message History

You spin and attack the orc warrior.
You hit the orc warrior but do no damage.
The orc warrior hits you with a +0 dire flail!
The orc wizard casts a spell at you. The magic dart hits you.
You spin and attack the orc wizard repeatedly.
You hit the orc wizard.
The orc wizard is severely wounded.
You punch the orc wizard!
You kill the orc wizard!
The Council accepts your kill.
Aiming: Wall Jump
Press: ? - help, Dir - move target cursor You repeatedly attack the orc warrior from above.
You hit the orc warrior but do no damage.
You closely miss the orc warrior. Your punch misses the orc warrior.
The orc warrior hits you with a +0 dire flail!!
* * * LOW HITPOINT WARNING * * *
The orc warrior hits you with a +0 dire flail!
You die...

.......#........#
.......#........#
.......#........# #
.......#........# ...#
.......#........# ...#
....##########).###..############
.............#...................
.............#.○o○...............
.>...........#.○@○...............
.............#.○°○...............
.............#...................
.............#............)......
#....##......#............#######
#.....#..........................
#.....#..........................
#.....#..........................
#.....#............!.............


You could see an orc warrior.

Vanquished Creatures
  A water moccasin (D:8)
  2 sky beasts
  3 ice beasts
  An eye of draining (D:8)
  2 ogres
  A centaur (D:9)
  3 bullfrogs
  A scorpion (D:8)
  3 wights (D:7)
  A howler monkey (D:8)
  4 crimson imps
  A bullfrog zombie (D:8)
  A quasit (D:8)
  5 orc priests
  3 jellies
  A bullfrog skeleton (D:5)
  A centaur skeleton (D:8)
  6 orc wizards
  5 worker ants
  Robin (D:3)
  14 adders
  A shadow imp (D:8)
  An ooze (D:3)
  An adder zombie (D:8)
  2 worms
  An adder skeleton (D:5)
  A dart slug (D:1)
  7 leopard geckos
  21 orcs
  4 giant cockroaches
  11 goblins
  8 hobgoblins
  9 jackals
  3 quokkas
  4 bats
  5 frilled lizards
  3 kobolds
  A leopard gecko zombie (D:5)
  A quokka skeleton (D:5)
  11 rats
155 creatures vanquished.

Vanquished Creatures (others)
  A fungus (D:3)
1 creature vanquished.

Grand Total: 156 creatures vanquished

Notes
Turn   | Place    | Note
-------+----------+-------------------------------------------
     0 | D:1      | MuMoWu the Mummy Monk began the quest for the Orb.
     0 | D:1      | Reached XP level 1. HP: 18/18 MP: 1/1
   164 | D:1      | Reached XP level 2. HP: 9/24 MP: 2/2
  1308 | D:2      | Reached skill level 3 in Unarmed Combat
  1308 | D:2      | Reached XP level 3. HP: 28/29 MP: 3/3
  1633 | D:2      | Reached XP level 4. HP: 14/35 MP: 4/4
  1743 | D:2      | Noticed Robin
  2040 | D:3      | Killed Robin
  2145 | D:3      | Found a stormy altar of Qazlal.
  2150 | D:3      | Found a bloodstained altar of Trog.
  2151 | D:3      | Found a blossoming altar of Fedhas.
  3130 | D:3      | Found a white marble altar of Elyvilon.
  3147 | D:3      | Reached XP level 5. HP: 42/42 MP: 5/5
  3405 | D:3      | Reached skill level 4 in Unarmed Combat
  3608 | D:4      | Found a transporter.
  3621 | D:4      | Noticed an ogre
  3633 | D:3      | Killed an ogre
  3633 | D:3      | Reached XP level 6. HP: 18/48 MP: 6/6
  3868 | D:4      | Found a transporter.
  3973 | D:4      | Noticed Eustachio
  3977 | D:4      | Noticed wotkd0121004's ghost (amateur OpEE)
  4124 | D:5      | Entered Level 5 of the Dungeon
  4823 | D:4      | Found a basalt altar of Yredelemnul.
  4823 | D:4      | Found a burning altar of Makhleb.
  4828 | D:4      | Found a glowing silver altar of Zin.
  4830 | D:4      | Found a faded altar of an unknown god.
  4831 | D:4      | Found an ornate altar of the Wu Jian Council.
  4834 | D:4      | Became a worshipper of the Wu Jian Council
  4834 | D:4      | Reached * piety under Wu Jian
  4834 | D:4      | Reached ** piety under Wu Jian
  5637 | D:5      | Reached skill level 1 in Armour
  6218 | D:6      | Found a sacrificial altar of Ru.
  6268 | D:6      | Reached skill level 5 in Unarmed Combat
  6311 | D:6      | Found a burning altar of Makhleb.
  6322 | D:6      | Reached XP level 7. HP: 45/55 MP: 7/7
  6475 | D:6      | Found a staircase to the Ecumenical Temple.
  6727 | D:6      | HP: 1/55 [worker ant (6)]
  7422 | D:7      | Reached skill level 6 in Unarmed Combat
  9069 | D:8      | Reached XP level 8. HP: 49/61 MP: 8/8
  9209 | D:7      | Reached skill level 7 in Unarmed Combat
  9924 | D:8      | Reached skill level 8 in Unarmed Combat
 10236 | D:8      | Reached skill level 9 in Unarmed Combat
 10317 | D:8      | Reached XP level 9. HP: 54/66 MP: 9/9
 10326 | D:8      | Found a bloodstained altar of Trog.
 10334 | D:8      | Reached *** piety under Wu Jian
 10683 | D:9      | Found a glowing golden altar of the Shining One.
 10687 | D:9      | Found a sparkling altar of Nemelex Xobeh.
 10688 | D:9      | Found a hide-covered altar of Uskayaw.
 11346 | D:9      | Slain by an orc warrior

Levels and vault maps discovered:
D:1:      saegor_arrival_simple_c, layout_loops_ring, feat_on_display
D:2:      layout_basic, nrook_mini_vaults, uniq_robin
D:3:      minmay_octagon_keep, layout_rooms,
          grunt_temple_overflow_forces_of_nature, overflow_temple_1_default,
          trog_butcher_becter
D:4:      layout_cave_pools, chequers_temple_overflow_minitemple,
          gammafunk_ghost_arena, uniq_eustachio
D:5:      layout_basic, first_ration
D:6:      layout_cave_pools, nicolae_ru_awakened_eye, temple_green,
          bloody_makhleb
D:7:      layout_rooms
D:8:      layout_basic, trog_book
D:9:      layout_grid_maze, gammafunk_temple_overflow_forgotten,
          uniq_prince_ribbit1, uniq_pikel

Skill      XL: |  1  2  3  4  5  6  7  8 |
---------------+-------------------------+-----
Unarmed Combat | 3 4 5 6 9 |  9.8
Dodging        | 3 |  3.4
Fighting       | 4 |  4.7
Armour         | 1 |  1.3
Stealth        | |  1.5

Action                   |  1- 3 |  4- 6 |  7- 9 || total
-------------------------+-------+-------+-------++-------
Melee: Unarmed           |   171 |   475 |   426 ||  1072
       Punch             |     4 |     5 |    15 ||    24
Invok: Whirlwind         |       |    12 |    70 ||    82
       Lunge             |       |     4 |    24 ||    28
 Abil: Wall Jump         |       |     3 |    10 ||    13
  Use: Scroll            |       |     6 |     2 ||     8
 Stab: Sleeping          |     1 |       |       ||     1
Armor: Robe              |     8 |       |       ||     8
       Ring mail         |    42 |    28 |       ||    70
       Scale mail        |       |   190 |   141 ||   331
Dodge: Dodged            |   128 |   380 |   150 ||   658

Table legend:
 A = Non-vault XP
 B = Vault XP
 C = Vault XP percentage of total XP
 D = Non-vault monster count
 E = Vault monster count
 F = Vault count percentage of total count
                 A         B        C        D         E       F
            +---------+---------+-------+---------+---------+-------
      Total |    3305 |      75 |   2.2 |     129 |      26 |  16.8
            +---------+---------+-------+---------+---------+-------
        D:1 |      32 |       0 |   0.0 |      17 |       0 |   0.0
        D:2 |      58 |      17 |  22.7 |      10 |       9 |  47.4
        D:3 |     230 |      58 |  20.1 |      19 |      17 |  47.2
        D:4 |      69 |       0 |   0.0 |      13 |       0 |   0.0
        D:5 |     180 |       0 |   0.0 |      11 |       0 |   0.0
        D:6 |     337 |       0 |   0.0 |      15 |       0 |   0.0
        D:7 |     551 |       0 |   0.0 |      13 |       0 |   0.0
        D:8 |    1385 |       0 |   0.0 |      21 |       0 |   0.0
        D:9 |     463 |       0 |   0.0 |      10 |       0 |   0.0
            +---------+---------+-------+---------+---------+-------
